Cogmind - Beta 13 @@@ ROGUE MODE // 2024.05.01 @ 16:04:18 Player: Mogwok Wargfriend Result: Destroyed by H-88 Terminator with KE Penetrator Performance ------------- Evolutions (8) 4000 Regions Visited (11) 2200 Robots Destroyed (128) 640 Value Destroyed (2616) 2616 Prototype IDs (20) 400 Alien Tech Used (0) 0 Bonus (141) 141 TOTAL SCORE: 9997 Bonus ------- High Alert Combat Kills 92 Follower Combat Kills 49 Cogmind --------- Core Integrity 0/1450 Matter 276/300 Energy 53/100 System Corruption 4% Temperature Cool (0) Movement Flying (40) Location -2/Research Parts ------- > --- POWER (1) -------- (None) > --- PROPULSION (6) --- Xenon Bombardment Thruster > --- UTILITY (14) ----- Advanced Signal Interpreter Advanced Target Analyzer System Shield System Shield > --- WEAPON (2) ------- (None) > --- INVENTORY (5) ---- Quantum Reactor Improved Propulsion Shielding Improved Hacking Suite Enhanced Force Lance Peak State ------------ > --- POWER ------------ Light Fission Core > --- PROPULSION ------- Improved VTOL Module Improved VTOL Module Improved VTOL Module Impulse Thruster Array Improved Q-thruster > --- UTILITY ---------- Advanced Power Amplifier Advanced Power Amplifier Experimental Heat Sink Small Storage Unit Weight Redist. System Advanced Sensor Array Advanced Signal Interpreter Improved Propulsion Shielding Improved Utility Shielding Improved Hacking Suite System Shield System Shield Improved System Shield > --- WEAPON ----------- Advanced Beam Rifle Shock Maul > --- INVENTORY -------- Light Antimatter Reactor Improved VTOL Module Improved VTOL Module Improved Cesium-ion Thruster ECM Suite Improved Propulsion Shielding Improved Hacking Suite Mini Grenade Launcher [Rating: 112] Favorites ----------- Power Light Fission Core Engine Ion Engine Power Core Light Fission Core Reactor Light Quantum Reactor Propulsion Improved VTOL Module Leg Improved Aluminum Leg Wheel Wheel Hover Unit Aerolev Unit Flight Unit Improved VTOL Module Utility Small Storage Unit Device Weight Redist. System Storage Small Storage Unit Processor Advanced Signal Interpreter Hackware System Shield Protection Improved Propulsion Shielding Weapon Shock Maul Energy Gun Advanced Beam Rifle Ballistic Gun Heavy Assault Rifle Launcher Grenade Launcher Special Weapon Mining Laser Impact Weapon Shock Maul Slashing Weapon Axe Piercing Weapon Plasma Lance Build | -11 -10 -9 -8 -7 -6 -6 -6 -5 -4 -3 -2 ------- Run | Yrd Mat Mat Mat Fac Fac Was Fac Fac Fac Res Res Slots Evolved 16 | . . 2 2 2 2 . . 2 2 2 2 Power . | . . . . . . . . . . . . Propulsion 4 | . . . 1 1 . . . . 1 1 . Utility 12 | . . 2 1 1 2 . . 2 1 1 2 Weapon . | . . . . . . . . . . . . Parts Attached 140 | 7 9 16 18 16 14 . 13 5 8 13 21 Power 15 | 1 . 1 2 2 2 . 2 . . . 5 Engine 4 | 1 . 1 2 . . . . . . . . Core 5 | . . . . 2 1 . 2 . . . . Reactor 6 | . . . . . 1 . . . . . 5 Propulsion 39 | 2 4 2 7 3 . . 5 . 2 4 10 Treads . | . . . . . . . . . . . . Leg 1 | . . . 1 . . . . . . . . Wheel 10 | 2 4 2 2 . . . . . . . . Hover 3 | . . . 1 . . . . . 1 . 1 Flight 25 | . . . 3 3 . . 5 . 1 4 9 Utility 44 | 2 1 5 4 2 8 . 4 5 4 5 4 Device 22 | 1 1 2 1 2 2 . 1 4 2 4 2 Storage 3 | 1 . . 1 . . . . . . . 1 Processor 6 | . . 1 1 . 2 . 1 . . . 1 Hackware 5 | . . 1 . . 2 . 1 1 . . . Protection 8 | . . 1 1 . 2 . 1 . 2 1 . Artifact . | . . . . . . . . . . . . Weapon 42 | 2 4 8 5 9 4 . 2 . 2 4 2 Energy Gun 17 | 1 . 2 1 6 2 . 2 . 1 2 . Energy Cannon . | . . . . . . . . . . . . Ballistic Gun 7 | 1 1 4 . 1 . . . . . . . Ballistic Cannon . | . . . . . . . . . . . . Launcher 5 | . 2 1 . . . . . . 1 . 1 Special Weapon 7 | . 1 1 4 1 . . . . . . . Impact Weapon 3 | . . . . . 2 . . . . 1 . Slashing Weapon 1 | . . . . 1 . . . . . . . Piercing Weapon 2 | . . . . . . . . . . 1 1 Special Melee Weapon . | . . . . . . . . . . . . Unidentified Prototypes 14 | . . 2 2 3 3 . . . . 3 1 Parts Lost 37 | . . 3 1 3 . . 1 . . . 29 Power 4 | . . . . . . . . . . . 4 Propulsion 12 | . . 1 . . . . . . . . 11 Utility 15 | . . 2 1 1 . . . . . . 11 Weapon 6 | . . . . 2 . . 1 . . . 3 Highest Loss Streak 24 | . . 2 1 1 . . 1 . . . 24 To Critical Strikes . | . . . . . . . . . . . . Average Slot Usage (%) 96 | . 99 96 96 96 96 100 99 97 98 92 84 Engine 4 | . 14 11 9 4 . . . . . . . Core 2 | . . . . 2 6 6 6 5 5 4 1 Wheel 7 | . 28 22 6 . . . . . . . . Flight 17 | . . . 17 28 26 26 25 23 25 23 20 Device 15 | . 14 20 11 13 14 13 12 16 15 16 19 Storage 7 | . 14 11 9 7 6 6 6 5 5 4 3 Processor 5 | . . . 8 7 10 13 8 5 5 4 4 Hackware 11 | . . 5 9 7 10 13 17 20 21 19 16 Protection 5 | . . 3 5 7 6 6 6 5 8 8 6 Energy Gun 7 | . 14 11 8 7 5 6 6 5 4 4 3 Ballistic Gun 2 | . 5 9 3 . . . . . . . . Launcher 1 | . 7 1 . . . . . . . . . Impact Weapon 2 | . . . . . 4 6 6 5 5 4 3 Naked Turns . | . . . . . . . . . . . . Heaviest Build 38 | 14 16 24 22 20 27 20 20 23 25 29 38 Greatest Support 42 | 32 32 26 26 21 21 21 21 26 33 42 42 Greatest Overweight (x) 3 | . 1 2 1 2 1 . 1 . . 1 3 Average Overweight (x) . | . . . . . . . . . . . . Largest Inventory Capacity 8 | 8 8 8 8 8 8 8 8 8 8 8 8 Average Capacity 7 | 7 8 8 8 8 8 8 8 8 8 8 7 Most Carried 8 | 8 8 8 8 8 8 8 8 8 8 8 8 Average Carried 7 | 5 7 7 7 7 7 8 7 8 7 8 7 Final Capacity 8 | 8 8 8 8 8 8 8 8 8 8 8 5 Final Carried 8 | 8 8 8 8 8 8 8 8 8 8 8 4 Class Distribution -------------------- 39% | Hacker-Sprinter 20% | Sprinter 19% | Mutant 13% | Scavenger-Mutant 7% | Hacker-Scout Dominant Class ---------------- Mutant | -10/Materials Scavenger-Mutant | -9/Materials Sprinter | -8/Materials Sprinter | -7/Factory Hacker-Scout | -6/Factory Hacker-Scout | -6/Waste Hacker-Sprinter | -6/Factory Hacker-Sprinter | -5/Factory Hacker-Sprinter | -4/Factory Hacker-Sprinter | -3/Research Hacker-Sprinter | -2/Research Resources | -11 -10 -9 -8 -7 -6 -6 -6 -5 -4 -3 -2 ----------- Run | Yrd Mat Mat Mat Fac Fac Was Fac Fac Fac Res Res Matter Collected 2415 | 370 337 480 172 368 130 . 80 107 103 57 211 Remotely . | . . . . . . . . . . . . Salvage Created 4275 | 177 284 1326 275 593 151 . 293 321 380 104 371 Parts 245 | 11 29 90 11 39 20 . 8 2 13 . 22 Haulers Intercepted 9 | . 2 4 1 2 . . . . . . . Recyclers Shooed 11 | 1 . 3 2 . 5 . . . . . . Parts Field Recycled . | . . . . . . . . . . . . Retrieved Matter . | . . . . . . . . . . . . Parts Self-Destructed . | . . . . . . . . . . . . Prevented . | . . . . . . . . . . . . Kills | -11 -10 -9 -8 -7 -6 -6 -6 -5 -4 -3 -2 ------- Run | Yrd Mat Mat Mat Fac Fac Was Fac Fac Fac Res Res Combat Hostiles Destroyed 56 | . 7 27 1 4 1 . 5 . 5 . 6 Melee 9 | . . . . 2 1 . 3 . 1 . 2 Guns 25 | . 2 20 1 2 . . . . . . . AOE 20 | . 5 7 . . . . . . 4 . 4 Classes Destroyed 13 | 3 5 2 . 1 . . 2 . . . . Worker 12 | 2 2 1 1 1 3 . . 2 . . . Builder 4 | . 1 . . . 1 . 1 . . . 1 Tunneler 4 | 2 1 . . . 1 . . . . . . Hauler 9 | . 2 4 1 2 . . . . . . . Recycler 15 | 1 . 5 2 3 . . . 1 2 . 1 Mechanic 4 | . . . . . . . 2 1 . . 1 Operator 5 | . . 2 . 1 . . . 2 . . . Watcher 19 | . 2 5 1 2 . . 2 3 1 3 . Swarmer 31 | . 3 16 . . . . 3 . 5 . 4 Grunt 15 | . 4 7 1 3 . . . . . . . Sentry 4 | . . 4 . . . . . . . . . Hunter 1 | . . . . . . . 1 . . . . Programmer 5 | . . . . 1 1 . 1 . . . 2 Best Kill Streak 7 | 2 7 6 2 4 1 . 4 4 5 2 4 Combat Bots Only 6 | . 6 6 1 2 1 . 3 . 5 . 4 Max Kills in Single Turn 4 | 1 2 2 1 1 1 . 1 1 2 1 4 Gunslinging . | . . . . . . . . . . . . Exploded 4 | . 2 2 . . . . . . 2 . 4 Melee 1 | . . . . 1 1 . 1 . 1 . 1 Uniques/NPCs Destroyed . | . . . . . . . . . . . . Combat | -11 -10 -9 -8 -7 -6 -6 -6 -5 -4 -3 -2 -------- Run | Yrd Mat Mat Mat Fac Fac Was Fac Fac Fac Res Res Hostile Shots Fired 572 | . 17 93 28 67 6 . 24 . 23 2 312 Missed 244 | . 2 23 15 40 2 . 12 . 14 1 135 Damage Taken 5446 | . 153 772 204 371 59 . 179 . 162 22 3524 Core 1885 | . 37 164 . 62 16 . 58 . 58 22 1468 Absorbed by Shields . | . . . . . . . . . . . . Redirected to Shielding 341 | . . . 10 42 9 . 25 . 56 . 199 Regen/Repaired (Parts) 362 | . 41 . 101 . 67 . 61 . . 43 49 Core Remaining (%) 90 | 100 85 59 100 91 . . 91 100 94 98 . Volleys Fired 360 | 34 65 94 48 64 30 . 9 6 8 . 2 Largest 2 | 1 2 2 2 2 1 . 1 1 1 . 1 Hottest 156 | 50 100 86 156 156 55 . 61 61 61 . 30 Shots Fired 468 | 34 72 182 59 65 30 . 9 6 8 . 3 Gun 398 | 34 62 174 33 43 30 . 9 6 6 . 1 Cannon . | . . . . . . . . . . . . Launcher 21 | . 9 8 . . . . . . 2 . 2 Special 49 | . 1 . 26 22 . . . . . . . Kinetic 101 | . 7 85 9 . . . . . . . . Thermal 267 | 34 56 89 50 22 . . 3 6 6 . 1 Explosive 21 | . 9 8 . . . . . . 2 . 2 Electromagnetic 62 | . . . . 26 30 . 6 . . . . Robot Hit Streak 17 | 7 4 8 5 9 17 . 2 1 2 . 1 Robot Miss Streak 5 | 3 4 5 2 2 2 . 2 2 5 . 1 Penetration Max . | . . . . . . . . . . . . Secondary Targets 2 | . . 2 . . . . . . . . . Max Gunslinging Chain 1 | . . 1 . . . . . . . . . Shots Hit Robots 292 | 21 30 98 20 51 27 . 17 11 7 3 7 Core Hits 143 | 6 23 55 9 17 11 . 3 1 7 . 11 Critical Kills 4 | . . 1 . . . . . 1 . . 2 Critical Parts Destroyed 14 | . . 1 . . . . 6 3 . 3 1 Critical Strikes 31 | 4 3 4 2 2 . . 6 4 . 3 3 Burn 12 | 4 3 2 2 1 . . . . . . . Destroy 2 | . . 2 . . . . . . . . . Smash 16 | . . . . . . . 6 4 . 3 3 Sever 1 | . . . . 1 . . . . . . . Melee Attacks 210 | . . . . 24 6 . 41 35 28 12 64 Impact 186 | . . . . . 6 . 41 35 28 12 64 Slashing 24 | . . . . 24 . . . . . . . Piercing . | . . . . . . . . . . . . Sneak Attacks 20 | . . . . 6 . . 4 5 2 . 3 Combat Hostiles 1 | . . . . . . . 1 . . . . Follow-up Attacks . | . . . . . . . . . . . . Damage Inflicted 8896 | 277 746 2094 338 1220 348 . 1154 990 736 168 825 Guns 3319 | 277 334 1482 338 459 297 . 70 42 20 . . Cannons . | . . . . . . . . . . . . Explosions 1706 | . 412 612 . 63 . . . . 292 . 327 Melee 3871 | . . . . 698 51 . 1084 948 424 168 498 Ramming . | . . . . . . . . . . . . Kinetic 817 | . 15 696 106 . . . . . . . . Thermal 1952 | 277 319 786 232 251 . . 25 42 20 . . Explosive 1643 | . 412 612 . . . . . . 292 . 327 Electromagnetic 613 | . . . . 271 297 . 45 . . . . Impact 3173 | . . . . . 51 . 1084 948 424 168 498 Slashing 698 | . . . . 698 . . . . . . . Piercing . | . . . . . . . . . . . . Highest Corruption 4 | . . . . 2 . . . . 2 . 4 Average Corruption 1 | . . . . 2 . . . . 2 . 1 Corruption Purged . | . . . . . . . . . . . . Corruption Blocked . | . . . . . . . . . . . . Effects 15 | . . . . 6 . . . . 4 . 5 Message Errors 6 | . . . . 2 . . . . 3 . 1 Matter Fused 2 | . . . . 1 . . . . . . 1 Heat Flow Errors 2 | . . . . 2 . . . . . . . Energy Discharges 1 | . . . . . . . . . . . 1 Parts Rejected 1 | . . . . . . . . . 1 . . Data Loss (minor) 1 | . . . . 1 . . . . . . . Data Loss (major) 1 | . . . . . . . . . . . 1 Misfires 1 | . . . . . . . . . . . 1 Overload Shots . | . . . . . . . . . . . . Overflow Damage 2304 | . . 40 . 198 . . 754 714 202 168 228 Projectiles 39 | . . . . . . . 19 20 . . . Explosions 90 | . . 40 . 30 . . . . 20 . . Melee 2175 | . . . . 168 . . 735 694 182 168 228 Knockbacks 14 | . . . . . . . 5 5 1 1 2 Impact 12 | . . . . . . . 4 4 1 1 2 Kinetic . | . . . . . . . . . . . . Secondary 2 | . . . . . . . 1 1 . . . Self-Inflicted Damage 104 | . . 41 . 45 . . . . . . 18 Shots 4 | . . 2 . 1 . . . . . . 1 Rammed . | . . . . . . . . . . . . Targets Rammed . | . . . . . . . . . . . . Kicked . | . . . . . . . . . . . . Crushed . | . . . . . . . . . . . . Highest Temperature 288 | 190 120 18 193 288 9 . 6 12 . . 2 Average Temperature 37 | 87 41 6 22 42 6 . 4 5 . . 2 Received Heat Transfer 774 | . 78 165 135 153 . . . . 18 . 225 Siege Activations . | . . . . . . . . . . . . Robots Corrupted . | . . . . . . . . . . . . Combat Hostiles . | . . . . . . . . . . . . Parts Fried 32 | . . . . 2 . . 7 8 4 5 6 Impact Corruptions 59 | . . . . . . . 20 21 6 5 7 Robots Melted 1 | . 1 . . . . . . . . . . Combat Hostiles . | . . . . . . . . . . . . Parts Melted 7 | 1 . 4 . 2 . . . . . . . Heat Transferred 5587 | 1110 1184 1998 666 481 . . 37 74 37 . . Parts Sabotaged . | . . . . . . . . . . . . Parts Stolen . | . . . . . . . . . . . . Parts Stripped . | . . . . . . . . . . . . Power Chain Reactions 1 | . . . . 1 . . . . . . . Alert | -11 -10 -9 -8 -7 -6 -6 -6 -5 -4 -3 -2 ------- Run | Yrd Mat Mat Mat Fac Fac Was Fac Fac Fac Res Res Peak Influence 743 | 25 270 743 381 276 136 81 317 136 383 335 223 Initial 313 | . 16 69 313 44 112 36 56 17 66 201 78 Average 177 | 11 71 453 220 119 106 58 151 78 221 224 105 Maximum Alert Level 3 | . 1 3 1 1 . . 1 . 1 1 1 Low Security (%) 65 | 100 97 4 48 72 100 100 73 100 40 7 94 Level 1 26 | . 2 34 51 27 . . 26 . 59 92 5 Level 2 6 | . . 49 . . . . . . . . . Level 3 1 | . . 11 . . . . . . . . . Level 4 . | . . . . . . . . . . . . Level 5 . | . . . . . . . . . . . . High Security . | . . . . . . . . . . . . Max Security . | . . . . . . . . . . . . Squads Dispatched 22 | . 2 3 . 4 2 . 5 2 . 1 3 Investigation 8 | . 1 . . 1 1 . 3 . . 1 1 Extermination 5 | . . . . 2 1 . 1 . . . 1 Reinforcement 9 | . 1 3 . 1 . . 1 2 . . 1 Assault . | . . . . . . . . . . . . Garrison . | . . . . . . . . . . . . Intercept . | . . . . . . . . . . . . Searches Triggered . | . . . . . . . . . . . . Construction Impeded 2 | . . 1 . . . . . . . . 1 Haulers Reinforced 1 | . . . . 1 . . . . . . . Active Scanning Responses . | . . . . . . . . . . . . Cargo Convoy Interrupts . | . . . . . . . . . . . . Stealth | -11 -10 -9 -8 -7 -6 -6 -6 -5 -4 -3 -2 --------- Run | Yrd Mat Mat Mat Fac Fac Was Fac Fac Fac Res Res Distress Signals 7 | . . 1 . 1 1 . . 1 1 . 2 Communications Jammed . | . . . . . . . . . . . . Distress Signals . | . . . . . . . . . . . . Times Spotted 208 | . 15 40 25 20 3 3 12 7 20 6 57 Peak Tracking Total 22 | . 6 6 11 4 5 3 3 2 13 3 22 Tactical Retreats 34 | . 1 3 5 5 1 . 2 . 4 2 11 Traps | -11 -10 -9 -8 -7 -6 -6 -6 -5 -4 -3 -2 ------- Run | Yrd Mat Mat Mat Fac Fac Was Fac Fac Fac Res Res Traps Triggered 11 | . 1 . . 3 1 . 3 1 1 1 . Indirectly . | . . . . . . . . . . . . Trap Hack Attempts . | . . . . . . . . . . . . Triggered . | . . . . . . . . . . . . Disarmed . | . . . . . . . . . . . . Reprogrammed . | . . . . . . . . . . . . Reused . | . . . . . . . . . . . . Traps Extracted . | . . . . . . . . . . . . Installed . | . . . . . . . . . . . . Triggered . | . . . . . . . . . . . . Machines | -11 -10 -9 -8 -7 -6 -6 -6 -5 -4 -3 -2 ---------- Run | Yrd Mat Mat Mat Fac Fac Was Fac Fac Fac Res Res Machines Disabled 4 | . 1 2 . . . . 1 . . . . Max in Single Turn 1 | . 1 1 . . . . 1 . . . . Garrison Access 5 | . . . . . . . . 2 1 1 1 Machines Repaired . | . . . . . . . . . . . . Machines Dismantled . | . . . . . . . . . . . . Machines Sabotaged . | . . . . . . . . . . . . Overloaded Fab Kills . | . . . . . . . . . . . . Hacking | -11 -10 -9 -8 -7 -6 -6 -6 -5 -4 -3 -2 --------- Run | Yrd Mat Mat Mat Fac Fac Was Fac Fac Fac Res Res Machines Accessed 76 | . 8 7 6 10 5 . 14 9 4 6 7 Terminals 43 | . 6 7 4 6 1 . 7 3 2 4 3 Fabricators 4 | . . . . 1 1 . 1 1 . . . Repair Stations 8 | . 1 . 1 . 1 . 2 1 . 1 1 Recycling Units 10 | . 1 . 1 1 1 . 2 2 1 . 1 Scanalyzers 3 | . . . . 1 . . 1 . . . 1 Garrison Access 8 | . . . . 1 1 . 1 2 1 1 1 Total Hacks 270 | . 17 22 28 29 23 . 53 42 10 22 24 Successful 132 | . 8 9 16 13 17 . 25 19 2 11 12 Failed 136 | . 9 12 11 16 6 . 28 23 8 11 12 Catastrophic 25 | . 2 1 . 1 . . 7 4 4 2 4 Database Lockouts 2 | . . 1 1 . . . . . . . . Manual 169 | . 15 22 23 18 9 . 28 28 8 6 12 Terminals 161 | . 13 22 20 18 4 . 31 21 7 15 10 Fabricators 11 | . . . . 3 4 . 2 2 . . . Repair Stations 33 | . 2 . 4 . 4 . 10 5 . 5 3 Recycling Units 35 | . 2 . 4 2 6 . 4 12 1 . 4 Scanalyzers 14 | . . . . 4 . . 4 . . . 6 Garrison Access 16 | . . . . 2 5 . 2 2 2 2 1 Terminal Hacks 31 | . 1 3 5 4 2 . 4 7 1 4 . Record 2 | . . . . . . . . . . 2 . Part Schematic 3 | . . . . . . . 3 . . . . Robot Schematic 2 | . . . . 1 . . 1 . . . . Robot Analysis 8 | . 1 2 2 2 . . . . 1 . . Prototype ID Bank 2 | . . . . . . . . 1 . 1 . Branch Access Points 1 | . . . . . 1 . . . . . . Terminal Index 2 | . . 1 1 . . . . . . . . Alert Level 1 | . . . . . . . . 1 . . . Unreport Threat 2 | . . . 2 . . . . . . . . Locate Traps 4 | . . . . 1 1 . . 1 . 1 . Dispatch Records 1 | . . . . . . . . 1 . . . Maintenance Status 1 | . . . . . . . . 1 . . . Registered Components 1 | . . . . . . . . 1 . . . Registered Prototypes 1 | . . . . . . . . 1 . . . Fabricator Hacks 8 | . . . . 2 3 . 2 1 . . . Network Status 2 | . . . . 1 1 . . . . . . Load Schematic 4 | . . . . 1 1 . 1 1 . . . Build 2 | . . . . . 1 . 1 . . . . Repair Station Hacks 24 | . 2 . 4 . 4 . 7 1 . 4 2 Scan Component 13 | . 1 . 2 . 2 . 4 1 . 2 1 Repair 11 | . 1 . 2 . 2 . 3 . . 2 1 Recycling Unit Hacks 7 | . . . 1 . 2 . 1 2 . . 1 Report Inventory 5 | . . . 1 . 1 . 1 1 . . 1 Retrieve Components 2 | . . . . . 1 . . 1 . . . Scanalyzer 9 | . . . . 1 . . 3 . . . 5 Insert Component 5 | . . . . 1 . . 2 . . . 2 Analyze 4 | . . . . . . . 1 . . . 3 Garrison Access Hacks 5 | . . . . . . . . 2 1 1 1 Seal Access 5 | . . . . . . . . 2 1 1 1 Unauthorized Hacks 48 | . 5 6 6 6 6 . 8 6 . 2 3 Terminals 33 | . 4 6 5 6 1 . 6 2 . 2 1 Assimilate 2 | . . . . 1 . . . . . . 1 Botnet 27 | . 3 5 4 4 1 . 6 2 . 2 . Operators 4 | . 1 1 1 1 . . . . . . . Fabricators . | . . . . . . . . . . . . Repair Stations . | . . . . . . . . . . . . Recycling Units 12 | . 1 . 1 . 2 . 2 4 . . 2 Reject 7 | . 1 . 1 . 1 . 1 2 . . 1 Mask 5 | . . . . . 1 . 1 2 . . 1 Scanalyzers . | . . . . . . . . . . . . Garrison Access 3 | . . . . . 3 . . . . . . Broadcast 1 | . . . . . 1 . . . . . . Intercept 1 | . . . . . 1 . . . . . . Watchers 1 | . . . . . 1 . . . . . . Data Cores Recovered 2 | . . 1 . 1 . . . . . . . Used . | . . . . . . . . . . . . Hacking Detections 67 | . 8 7 5 10 5 . 13 7 3 4 5 Full Trace Events 7 | . . . 1 1 1 . 3 . . . 1 Feedback Events 1 | . . . . . . . . . . . 1 Corruption 1 | . . . . . . . . . . . 1 Feedback Blocked . | . . . . . . . . . . . . Robot Schematics Acquired 2 | . . . . 1 . . 1 . . . . Robots Built 3 | . . . . . . . 3 . . . . Authchips . | . . . . . . . . . . . . Time 268 | . . . . . 134 . 134 . . . . Total Robot Build Rating 12 | . . . . . . . 12 . . . . Part Schematics Acquired 6 | . . . . . . . 4 . . . 2 Parts Built . | . . . . . . . . . . . . Authchips . | . . . . . . . . . . . . Time . | . . . . . . . . . . . . Total Part Build Rating . | . . . . . . . . . . . . Parts Repaired 11 | . 1 . 2 . 2 . 3 . . 2 1 Time 363 | . 26 . 77 . 70 . 76 . . 88 26 Parts Recycled . | . . . . . . . . . . . . Recycled Matter . | . . . . . . . . . . . . Retrieved Matter . | . . . . . . . . . . . . Retrieved Components 11 | . . . . . 8 . . 3 . . . Parts Scanalyzed 5 | . . . . 1 . . 2 . . . 2 Part Schematics Acquired 3 | . . . . . . . 1 . . . 2 Parts Damaged 2 | . . . . 1 . . 1 . . . . Bothacking | -11 -10 -9 -8 -7 -6 -6 -6 -5 -4 -3 -2 ------------ Run | Yrd Mat Mat Mat Fac Fac Was Fac Fac Fac Res Res Used RIF Installer . | . . . . . . . . . . . . Robots Hacked 6 | . . . . 6 . . . . . . . Non-combat 6 | . . . . 6 . . . . . . . Combat . | . . . . . . . . . . . . Robot Hacks Applied 12 | . . . . 12 . . . . . . . parse_system 2 | . . . . 2 . . . . . . . no_distress 8 | . . . . 8 . . . . . . . find_chute 1 | . . . . 1 . . . . . . . find_recycling 1 | . . . . 1 . . . . . . . Relay Couplers Released . | . . . . . . . . . . . . Fabnet Peak Effective % . | . . . . . . . . . . . . Robots Rewired 4 | . . . . 1 2 . . 1 . . . Allies Hacked . | . . . . . . . . . . . . Hacks Repelled . | . . . . . . . . . . . . Allies | -11 -10 -9 -8 -7 -6 -6 -6 -5 -4 -3 -2 -------- Run | Yrd Mat Mat Mat Fac Fac Was Fac Fac Fac Res Res Total Allies 7 | . . . . 1 2 . 3 1 . . . Largest Group 3 | . . . . 1 1 1 3 1 . . . Highest-Rated Group 60 | . . . . 15 41 41 60 49 . . . Highest-Rated Ally 49 | . . . . 15 41 41 20 49 . . . Total Orders 3 | . . . . . 3 . . . . . . ROAM 1 | . . . . . 1 . . . . . . DROP 1 | . . . . . 1 . . . . . . COLLECT 1 | . . . . . 1 . . . . . . Ally Attacks 25 | . . . . 3 2 4 7 9 . . . Total Damage 1089 | . . . . 52 112 367 236 322 . . . Kills 5 | . . . . . . . 1 4 . . . Allies Corrupted . | . . . . . . . . . . . . Allies Melted . | . . . . . . . . . . . . Intel | -11 -10 -9 -8 -7 -6 -6 -6 -5 -4 -3 -2 ------- Run | Yrd Mat Mat Mat Fac Fac Was Fac Fac Fac Res Res Robot Analysis Total 8 | . 1 2 2 2 . . . . 1 . . Derelict Logs Recovered . | . . . . . . . . . . . . Drone Launches . | . . . . . . . . . . . . Drone Recoveries . | . . . . . . . . . . . . Exploration | -11 -10 -9 -8 -7 -6 -6 -6 -5 -4 -3 -2 ------------- Run | Yrd Mat Mat Mat Fac Fac Was Fac Fac Fac Res Res Turns Passed 8543 | 181 1044 1139 932 1006 521 27 999 783 607 433 871 Spaces Moved 14093 | 103 870 876 1347 1858 815 91 2015 1866 1472 871 1909 Core 22 | 18 . . . 1 . . . . . . 3 Treads . | . . . . . . . . . . . . Legs . | . . . . . . . . . . . . Wheels 2116 | 85 870 876 285 . . . . . . . . Hover . | . . . . . . . . . . . . Flight 11955 | . . . 1062 1857 815 91 2015 1866 1472 871 1906 Fastest Speed 24 | 50 80 80 29 29 29 29 29 26 24 24 25 Average Speed 36 | 91 88 86 43 29 29 29 29 26 24 24 25 Slowest Speed 200 | 100 100 110 115 150 99 29 102 29 26 96 200 Overloaded Moves . | . . . . . . . . . . . . Propulsion Burnouts . | . . . . . . . . . . . . Robots Hopped 83 | . . . 23 18 . . 9 16 2 5 10 Cave-ins Triggered . | . . . . . . . . . . . . Exploration Rate (%) 39 | 4 85 53 63 40 18 76 40 33 22 15 24 Regions Visited 11 Branch Regions . Pre-discovered Areas . | . . . . . . . . . . . . Known Exits Taken 4 | . . . . . . . 1 1 1 1 . Unknown Exits Taken 5 | 1 1 1 1 1 . . . . . . . Scrap Searched . | . . . . . . . . . . . . Spaces Dug 164 | . . . 24 8 5 . 23 22 20 9 53 Terrain Destroyed 283 | . 48 55 26 12 5 . 23 22 26 9 57 Melee 140 | . . . . 8 5 . 23 22 20 9 53 Projectile 27 | . 1 . 26 . . . . . . . . AOE 116 | . 47 55 . 4 . . . . 6 . 4 Terrain Rammed . | . . . . . . . . . . . . Walls Destroyed . | . . . . . . . . . . . . Machines Disabled . | . . . . . . . . . . . . Actions | -11 -10 -9 -8 -7 -6 -6 -6 -5 -4 -3 -2 --------- Run | Yrd Mat Mat Mat Fac Fac Was Fac Fac Fac Res Res Total 16456 | 152 1069 1073 1567 2202 1055 90 2326 2067 1650 1059 2146 Wait 1514 | 1 113 75 149 208 172 . 209 146 132 161 148 Move 13931 | 102 869 875 1301 1825 815 90 1997 1840 1467 860 1890 Hop 69 | . . . 22 14 . . 8 9 2 5 9 Pick Up 45 | 8 4 4 9 8 . . 5 . 1 . 6 Fast Attach 87 | 7 2 6 10 10 13 . 8 5 4 11 11 Attach 20 | . . 2 5 3 1 . 1 . 1 . 7 Detach 14 | . . 1 4 3 3 . 1 . 1 . 1 Swap 33 | . 7 8 3 3 . . 4 . 3 2 3 Drop 81 | . 9 8 16 15 7 . 7 3 3 8 5 Fire 360 | 34 65 94 48 64 30 . 9 6 8 . 2 Melee 210 | . . . . 24 6 . 41 35 28 12 64 Ram . | . . . . . . . . . . . . Kick . | . . . . . . . . . . . . Crush . | . . . . . . . . . . . . Escape Stasis 72 | . . . . 18 . . 36 18 . . . Rewire 20 | . . . . 7 8 . . 5 . . . Trap . | . . . . . . . . . . . . Miscellaneous . | . . . . . . . . . . . . Route ------- -11/Scrapyard -10/Materials (discovered 3 exits: *Mat x2 / [*Min]) -9/Materials (discovered 2 exits: *Mat / [*Min]) -8/Materials -7/Factory -6/Factory (discovered 5 exits: *Fac / Low x2 / Ext x2) -6/Waste -6/Factory (discovered 3 exits: *Fac / *Low x2) -5/Factory -4/Factory (discovered 3 exits: *Res / *Upp / [*Arm]) -3/Research -2/Research History --------- Turn | Location | Event 18 | -11/Scrapyard | Discovered new exit (range 16) 182 | -11/Scrapyard | Entered Materials 302 | -10/Materials | Build established: Mutant 401 | -10/Materials | Discovered new exit (range 16) 785 | -10/Materials | Discovered new exit (range 11) 1081 | -10/Materials | Repaired Grenade Launcher 1140 | -10/Materials | Discovered new exit (range 16) 1226 | -10/Materials | Entered another Materials area 1226 | -9/Materials | Evolved 2 slots: Utility x2 1367 | -9/Materials | Discovered new exit (range 5) 1860 | -9/Materials | Build established: Scavenger-Mutant 2230 | -9/Materials | Discovered new exit (range 11) 2362 | -9/Materials | Central database locked down 2365 | -9/Materials | Entered another Materials area 2365 | -8/Materials | Evolved 2 slots: Propulsion x1, Utility x1 2886 | -8/Materials | Repaired Imp. Medium Laser 2914 | -8/Materials | Repaired Mining Laser 3028 | -8/Materials | Build established: Sprinter 3121 | -8/Materials | Central database locked down 3237 | -8/Materials | Discovered new exit (range 13) 3297 | -8/Materials | Entered Factory 3297 | -7/Factory | Evolved 2 slots: Propulsion x1, Utility x1 4270 | -7/Factory | Discovered new exit (range 9) 4303 | -7/Factory | Entered another Factory area 4303 | -6/Factory | Evolved 2 slots: Utility x2 4375 | -6/Factory | Repaired Imp. Propulsion Shielding 4407 | -6/Factory | Repaired Weight Redist. System 4588 | -6/Factory | Discovered new exit (range 13) 4599 | -6/Factory | Identified exit to Lower Caves 4599 | -6/Factory | Identified exit to Extension 4692 | -6/Factory | Identified exit to Factory 4824 | -6/Factory | Sucked down chute 4824 | -6/Factory | Entered Waste 4826 | -6/Waste | Spotted C-40 Crusher 4827 | -6/Waste | Spotted C-40 Crusher 4827 | -6/Waste | Spotted C-40 Crusher 4829 | -6/Waste | 1 allies followed down the chute 4836 | -6/Waste | Spotted C-40 Crusher 4842 | -6/Waste | Spotted C-40 Crusher 4847 | -6/Waste | Discovered new exit (range 12) 4850 | -6/Waste | Identified exit to Factory 4851 | -6/Waste | Entered Factory 4920 | -6/Factory | Build established: Hacker-Scout 5102 | -6/Factory | Fabricated B-48 Gladiator? 5220 | -6/Factory | Discovered exit to Lower Caves (range 14) 5298 | -6/Factory | Repaired Weight Redist. System 5382 | -6/Factory | Discovered exit to Lower Caves (range 5) 5469 | -6/Factory | Discovered exit to Factory (range 9) 5587 | -6/Factory | Build established: Hacker-Sprinter 5751 | -6/Factory | Repaired Imp. VTOL Module 5783 | -6/Factory | Repaired Imp. VTOL Module 5850 | -6/Factory | Entered another Factory area 5850 | -5/Factory | Evolved 2 slots: Utility x2 6628 | -5/Factory | Discovered new exit (range 16) 6633 | -5/Factory | Identified exit to Factory 6633 | -5/Factory | Entered another Factory area 6633 | -4/Factory | Evolved 2 slots: Propulsion x1, Utility x1 6706 | -4/Factory | Discovered new exit (range 9) 6837 | -4/Factory | Spotted B-86 Titan 6927 | -4/Factory | Discovered new exit (range 5) 6931 | -4/Factory | Identified exit to Research 6937 | -4/Factory | Discovered new exit (range 7) 6938 | -4/Factory | Identified exit to Upper Caves 7240 | -4/Factory | Entered Research 7240 | -3/Research | Evolved 2 slots: Propulsion x1, Utility x1 7308 | -3/Research | Repaired Adv. Sensor Array 7348 | -3/Research | Repaired Imp. Propulsion Shielding 7460 | -3/Research | Discovered new exit (range 13) 7464 | -3/Research | Identified exit to Research 7673 | -3/Research | Entered another Research area 7673 | -2/Research | Evolved 2 slots: Utility x2 7701 | -2/Research | Repaired Sml. Storage Unit 8383 | -2/Research | Lost 4 parts (4u) 8484 | -2/Research | Found Enh. Force Lance 8531 | -2/Research | Core integrity fell below 50% 8541 | -2/Research | Core integrity fell below 20% 8544 | -2/Research | Destroyed by H-88 Terminator with KE Penetrator Last Messages --------------- 08540_ U-05 Engineer lays Concrete. 08540_ Penetrated by Slug. 08540_ Slug penetrates G-73 Enforcer. 08540_ K-01 Serf collects debris. 08541_ System corrupted: Matter fused (-7). 08541_ U-05 Engineer lays Concrete. 08541_ Acquired Xenon Bombardment Thruster. 08541_ K-01 Serf collects debris. 08541_ U-05 Engineer lays Concrete. 08541_ R-10 Processor collects Structural Scanner. 08542_ U-05 Engineer lays Concrete. 08542_ K-01 Serf collects debris. 08543_ U-05 Engineer builds a Wall. 08543_ Penetrated by Slug. 08543_ U-05 Engineer lays Concrete. 08543_ Penetrated by Slug. 08543_ Slug penetrates G-73 Enforcer. 08543_ K-01 Serf collects debris. 08544_ Penetrated by Slug. Map ----- +----------------------------------------------------+ | ???????????????????# # + | | ???????????????????# # ######## | | ???????????????????# # #??????#"" | | ???????????????????# + #??????#"" | | ???????????????????# # #??????#"T | | ???????????????????# # #??????#"" | | ???????????????????# ""T"" # #??????#"" | | ???????????????????# """"" /%= #??????# | | ???????????????????########### #??????# | | ?????????????????????????????# #??????######### | | ????????????????????########## #?????????# | | ????????????????????# # #?????????# ! | | ????????????????????# # #?????????# | | ????????????????????# """ # #?????????# | | ????????????????????# """"# #?????????# | | ????????????????????# """"# #?????????# | | ????????????????????# """# #?????????# | | ????????????????????# u # h #?????????# | | ????????????????????# [s u # #?????????# | | ????????????????????# u # #?????????###### | | ????????????????????### !#/###= ######/#???##### | | ??????????????????????#= gh%!% u | | ??????????????????????#gR=h=!kh | | ??????????????????????# gg !| k | | ??????????????????????#Rk !%= | | ??????????????????????# @ ####################+## | | ??????????????????????# A #?????????????????????? | | ??????????????????????#R #?????????????????????? | | ????????????????????? g?????????????????????? | | ???????????????????? # ????????????????????? | | ??????????????????? # g???????????????????? | | ?????????????????? #? ???????????????????? | | ????????????????? ########? ??????????????????? | | ???????????????# ?????????? ?????????????????? | | ???????????????# ???????????? ????????????????? | | ???????????????+ ?????????????##????????????????# | | ???????????????# ???????????????????????????????# | | ???????????????? ??????????????????????????????### | | ???????????????????????????????????????????????#"" | | ???????????????????????????????????????????????#"" | | ???????????????????????????????????????????????#"" | | ???????????????????????????????????????????????#S | | ???????????????????????????????????????????????#"" | | ???????????????????????????????????????????????#"" | | ???????????????????????????????????????????????#"" | | ???????????????????????????????????????????????### | | ?????????????????????????????????????????????????# | | ?????????????????????????????????????????????????# | | ?????????????????????????????????????????????###?# | | ????????????????????????????????????############## | +----------------------------------------------------+ Best States ------------- Heat Dissipation 75 Energy Generation 37 Energy Capacity 280 Matter Stores 300 Matter Capacity 300 Sight Range 18 Robot Scan Range 16 Terrain Scan Density 10 ECM Strength 1 Power Amplification 60 Additional Mass Support 6 Armor Coverage 150 Propulsion Shielding 66 Utility Shielding 66 Evasion (%) 65 Melee Accuracy 6 Target Analysis 8 Offensive Hacking 22 Defensive Hacking 32 Item Schematics ----------------- Imp. Cesium-ion Thruster | -6/Factory | Scanalyzed ECM Suite | -6/Factory | Hacked Imp. Propulsion Shielding | -6/Factory | Hacked Imp. Hacking Suite | -6/Factory | Hacked Lgt. Antimatter Reactor | -2/Research | Scanalyzed Imp. VTOL Module | -2/Research | Scanalyzed Robot Schematics ------------------ B-48 Gladiator | -7/Factory | Hacked H-66 Slayer | -6/Factory | Hacked Fabricated ------------ B-48 Gladiator | x3 | -6/Factory Alien Tech Used ----------------- None Achievements -------------- None Challenges ------------ None Game ------ Seed DisposableRegenerativePit Manual? 0 Play Time 02:00:46 Cumulative 191.4 hours Start 2024.04.28 @ 22:01:34 End 2024.05.01 @ 16:04:18 Sessions 7 Manual Loads 0 Difficulty Rogue Special Mode None Game No. 179 Rogue 179 Adventurer 0 Explorer 0 Win Type - Total 0 Types 0/0/0/0/0/0/0/0/0 Lore% 56 Gallery% 67 Achievement% 45 Wizard Run 0 Options --------- Layout 2 ASCII 1 Keyboard 1 Movement Numpad Keybinds 0 Fullscreen 2 Font 32/TamsynBold Map View 50x44 Zoom Use 0% Tactical HUD 1 Map Filters NONE Filters NONE Steam 1 RUN: 0cd7bc4d-51ab-4550-9e42-21a6becb193e